Construct Infanterie Kompanie
Selects Mechanized Battlegroup
Infanterie Officer Quarters
Construct Luftwaffe Kompanie
Construct Panzergrenadier Kompanie
Panzergrenadier Officer Quarters
Pak 40 Anti-tank Gun Team
Construct Panzer Kompanie
Selects Wespe Self-propelled Artillery
Wespe Self-propelled Artillery
Wespe Self-propelled Artillery
Pak 40 Anti-tank Gun Team
Selects Zeroing Artillery Barrage
Wespe Self-propelled Artillery
Selects 8 Rad Armored Car
Wespe Self-propelled Artillery
Wespe Self-propelled Artillery
Zeroing Artillery Barrage